 Dungeon Crawl Stone Soup version 0.18-a0-1521-g59d19af (webtiles) character file.

1 Rast the Conjurer (level 1, 0/7 HPs)
             Began as a Felid Conjurer on Mar 7, 2016.
             Slain by an adder (4 damage)
             ... on level 3 of the Dungeon on Mar 14, 2016.
             The game lasted 00:02:28 (172 turns).

Rast the Conjurer (Felid Conjurer)                   Turns: 172, Time: 00:02:28

Health: 0/7        AC:  1    Str:  4    XL:     1   Next: 16%
Magic:  2/4        EV: 18    Int: 20    God:
Gold:   38         SH:  0    Dex: 16    Spells: 1 memorised, 3 levels left
                                        Lives:  0   Deaths: 0

rFire  . . .     SeeInvis +     (weapon unavailable)
rCold  . . .     Gourm    .     (armour unavailable)
rNeg   . . .     Faith    .     (shield unavailable)
rPois  .         Spirit   .     (helmet unavailable)
rElec  .         Dismiss  .     (cloak unavailable)
rCorr  .         Reflect  .     (gloves unavailable)
SustAt .         Harm     .     (boots unavailable)
MR     .....                    (no amulet)
Stlth  +++.......               (no ring)
                                d - +4 ring of intelligence

@: quick, not resistant to hostile enchantments, fairly stealthy
A: no armour, no weapons or thrown items, claws 1, fangs 3, see invisible,
carnivore 3, speed 1, shaggy fur 1, slow metabolism 1, sharp paws
a: no special abilities


You were on level 3 of the Dungeon.
You were full.

You visited 1 branch of the dungeon, and saw 3 of its levels.

You collected 38 gold pieces.

Inventory:

Jewellery
 d - a +4 ring of intelligence (left paw)
Scrolls
 f - a scroll of teleportation {unknown}
Potions
 c - a potion of magic {unknown}
 e - a potion of curing {unknown}
Books
 a - a book of Conjurations

   Spells                             Type                      Level
   a - Magic Dart                     Conjuration                  1
   b - Searing Ray                    Conjuration                  2
   c - Dazzling Spray                 Conjuration/Hexes            3
   d - Fulminant Prism                Conjuration/Hexes            4
   e - Iskenderun's Mystic Blast      Conjuration                  4
   f - Iskenderun's Battlesphere      Conjuration/Charms           5
Comestibles
 b - a meat ration
 g - a slice of pizza


   Skills:
 + Level 0.0 Fighting
 + Level 2.8 Dodging
 - Level 2.6 Stealth
 + Level 0.0 Unarmed Combat
 - Level 2.0 Spellcasting
 - Level 3.6 Conjurations


You had 3 spell levels left.
You knew the following spells:

 Your Spells              Type           Power        Failure   Level  Hunger
a - Magic Dart            Conj           ###.         3%          1    #......


Dungeon Overview and Level Annotations

Branches:
Dungeon (3/15)

Altars:


Innate Abilities, Weirdness & Mutations

You cannot wear armour.
You are incapable of wielding weapons or throwing items.
You have sharp claws.
You have razor-sharp teeth.
You have supernaturally acute eyesight.
You are carnivorous and can eat meat at any time.
You cover ground quickly.
You are covered in fur (AC +1).
You have a slow metabolism.
Your sharp claws are effective at attacking unaware monsters.


Message History

Casting: Magic Dart
Confirm with . or Enter, or press ? or * to list all spells.
Aiming: Magic Dart
Press: ? - help, Shift-Dir - straight line, f - adder
Aim: an adder (heavily wounded)
The magic dart hits the adder.
The adder is heavily wounded.
The adder barely misses you.
You see here a club.
The adder misses you.
Casting: Magic Dart
Confirm with . or Enter, or press ? or * to list all spells.
Aiming: Magic Dart
Press: ? - help, Shift-Dir - straight line, f/p - adder
Aim: an adder (heavily wounded)
The magic dart hits the adder.
The adder is almost dead.
The adder bites you.
Ouch! That really hurt!
You die...

▒▒▒▒▒▒·▒▒····▒ ▒·▒▒▒▒▒·▒
▒·▒ ▒ ▒·▒ ▒▒·▒▒
▒···▒▒▒▒·▒ ▒········▒
▒▒▒
▒▒···▒▒▒▒▒▒▒▒▒▒▒▒·▒···
▒··<···@·········▒▒▒··
▒▒···▒▒S▒▒▒▒▒·▒▒▒▒·▒··▒
▒▒·▒▒▒·▒·▒▒▒▒▒·▒·▒▒··▒·▒
▒·▒▒▒▒·▒▒
▒▒·····)·····▒·▒▒·▒
▒·····▒▒
▒▒·▒▒▒▒▒·▒·▒▒·▒▒·▒▒▒
▒▒▒▒▒▒·▒▒ ▒▒··▒
▒·▒·········▒ ▒▒·▒▒▒·▒·▒
▒···········▒ ▒▒·▒·▒▒·▒
▒▒▒▒▒▒·▒▒▒··▒ ▒▒·▒▒▒·▒
▒·▒ ▒····


You could see an adder.

Vanquished Creatures
  A hobgoblin (D:3)
1 creature vanquished.

Notes
Turn   | Place    | Note
--------------------------------------------------------------
     0 | D:1      | Rast the Felid Conjurer began the quest for the Orb.
     0 | D:1      | Reached XP level 1. HP: 7/7 MP: 4/4
   172 | D:3      | Slain by an adder

Vault maps used:
D:1:      dpeg_arrival_lava_temple_mockup
D:2:      grunt_qazlal_clouds, ecumenical_altar_1, lemuel_tele_altar,
          uniq_terence, uniq_crazy_yiuf_cottage
D:3:      kennysheep_another_room, kennysheep_big_empty_room, uniq_jessica,
          uniq_grinder

Action                   || total
-------------------------++-------
Melee: Unarmed           ||     8
 Cast: Magic Dart        ||     2
 Stab: Sleeping          ||     2
  Eat: Chunk             ||     2
